 Dungeon Crawl Stone Soup version 0.28.0-43-g3370ac3207 (webtiles) character file.

Game seed: 551711999051891608

60 crimpus the Skirmisher (level 3, -4/51 HPs)
             Began as a Minotaur Berserker on Mar 13, 2022.
             Was a Believer of Trog.
             Slain by a scorpion (6 damage)
             ... on level 3 of the Dungeon.
             The game lasted 00:01:50 (1940 turns).

crimpus the Skirmisher (Minotaur Berserker)         Turns: 1940, Time: 00:01:50

Health: -4/51      AC:  2    Str: 23    XL:     3   Next: 82%
Magic:  2/2        EV: 12    Int:  4    God:    Trog [**....]
Gold:   73         SH:  0    Dex:  9    Spells: 2/2 levels left

rFire   . . .      SeeInvis .   a - +0 mace
rCold   . . .      Faith    .   (no shield)
rNeg    . . .      Spirit   .   b - +0 animal skin
rPois   .          Reflect  .   (helmet restricted)
rElec   .          Harm     .   (no cloak)
rCorr   .          Rampage  .   (no gloves)
Will    .....                   (no boots)
Stlth   ..........              h - amulet of the acrobat
HPRegen 0.17/turn               (no ring)
MPRegen 0.08/turn               (no ring)

@: berserking, lethally poisoned (-4 -> -22), very quick
A: horns 2, retaliatory headbutt
a: Renounce Religion, Berserk, Trog's Hand


You were on level 3 of the Dungeon.
You worshipped Trog.
Trog was pleased with you.
You visited 1 branch of the dungeon, and saw 3 of its levels.

You collected 73 gold pieces.

Inventory:

Hand Weapons
 a - a +0 mace (weapon)
Armour
 b - a +0 animal skin (worn)
Jewellery
 h - an amulet of the acrobat (around neck)
Scrolls
 e - a scroll of identify
 f - a scroll of fog {unknown}
Potions
 c - a potion of lignification
 d - 2 potions of heal wounds
 g - 2 potions of haste
 i - a potion of curing {unknown}


   Skills:
 + Level 4.6 Fighting
 + Level 4.4 Maces & Flails
 + Level 2.8 Armour
 + Level 2.7 Dodging


You had 2 spell levels left.
You didn't know any spells.
Your spell library was empty.

Dungeon Overview and Level Annotations

Branches:
Dungeon (3/15)

Altars:

Shops:
D:1 :


Innate Abilities, Weirdness & Mutations

You have a pair of horns on your head.
You reflexively headbutt those who attack you in melee.


Message History

Moving in this stuff is going to be slow.
A scorpion comes into view.
You enter the shallow water.
Moving in this stuff is going to be slow.
Found 16 arrows.
The scorpion misses you. You furiously retaliate!
You headbutt the scorpion, but do no damage.
You see here 8 gold pieces.
You barely miss the scorpion. The scorpion stings you.
You are poisoned.
The scorpion poisons you! The scorpion stings you!
You hit the scorpion.
The scorpion is lightly wounded.
You feel very sick. The scorpion stings you.
You are lethally poisoned!
The scorpion poisons you!
You are too injured to fight recklessly!
You are too injured to fight recklessly!
You are too injured to fight recklessly!
Unknown command.
A red film seems to cover your vision as you go berserk!
You feel yourself moving faster!
You feel mighty!
You feel very sick. The scorpion stings you.
* * * LOW HITPOINT WARNING * * *
You thump the scorpion!
The scorpion is heavily wounded.
* * * LOW HITPOINT WARNING * * *
You feel very sick. The scorpion stings you.
* * * LOW HITPOINT WARNING * * *
You are more poisoned.
The scorpion poisons you!
You are too berserk!
You completely miss the scorpion. Your headbutt misses the scorpion.
The scorpion is heavily wounded.
* * * LOW HITPOINT WARNING * * *
You feel very sick. The scorpion stings you.
You die...

#........( #........#
#........# ##........#
..........# #........#
#.....s..# ####@#
####P≈P≈# ##..P.P≈.#
###≈P≈PPP≈≈#
#.P≈P≈♣≈≈P.####.# ###
.PP♣≈≈≈PPP....#... [.
≈≈♣≈≈≈≈P≈.......... #P.P
♣PPP≈.............
#PP≈♣♣≈♣PP..........)....


You could see a scorpion.

Vanquished Creatures
  2 adders (D:2)
  A worm (D:2)
  3 dart slugs
  A ball python (D:2)
  5 bats
  3 endoplasms
  2 goblins
  3 hobgoblins
  6 kobolds
  A quokka (D:2)
  3 frilled lizards
  5 rats
35 creatures vanquished.

Notes
Turn   | Place    | Note
-------+----------+-------------------------------------------
     0 | D:1      | crimpus the Minotaur Berserker began the quest for the Orb.
     0 | D:1      | Reached XP level 1. HP: 19/19 MP: 0/0
     0 | D:1      | Noticed a minotaur skeleton
    86 | D:1      | Found a faded altar of an unknown god.
   414 | D:1      | Reached XP level 2. HP: 24/27 MP: 1/1
   450 | D:1      | Found Coafiho's Book Shop.
  1034 | D:1      | Reached ** piety under Trog
  1279 | D:2      | Reached XP level 3. HP: 32/34 MP: 2/2
  1932 | D:3      | Noticed a scorpion
  1940 | D:3      | HP: 2/51 [poisoned by a scorpion]
  1940 | D:3      | Slain by a scorpion

Illustrated notes

Levels and vault maps discovered:
D:1:      shiori_arrival_whats_in_store_for_you, layout_loops_ring,
          ebering_ecumenical_altar_abandoned, serial_shops,
          nicolae_shop_statue_plus
D:2:      layout_rooms, kennysheep_generic_room_15
D:3:      layout_rooms, serial_bayou, serial_bayou_ford_a,
          serial_bayou_crossing, serial_bayou_lagoon_a, serial_bayou_shore_b,
          uniq_grinder

Skill      XL: |  1  2 |
---------------+-------+-----
Fighting       | 4 |  4.6
Maces & Flails | 4 |  4.4
Armour         | |  2.8
Dodging        | |  2.7

Action                   || total
-------------------------++-------
Melee: Mace              ||    74
       Headbutt          ||     7
       Punch             ||     1
Invok: Berserk           ||     1
  Use: Potion            ||     3
       Scroll            ||     1
Armor: Animal skin       ||    10
Dodge: Dodged            ||    36
